 Dungeon Crawl Stone Soup version 0.19-a0-1899-g2d93087 (webtiles) character file.

15 dobroeutro the Bolt Thrower (level 2, 0/18 HPs)
             Began as a Kobold Hunter on Oct 19, 2016.
             Slain by a kobold
             ... wielding a +0 whip
              (3 damage)
             ... on level 1 of the Dungeon.
             The game lasted 00:01:05 (815 turns).

dobroeutro the Bolt Thrower (Kobold Hunter)          Turns: 815, Time: 00:01:06

Health: 0/18       AC:  3    Str: 14    XL:     2   Next: 65%
Magic:  11/11      EV: 15    Int: 12    God:
Gold:   47         SH:  3    Dex: 15    Spells: 0 memorised, 1 level left

rFire  . . .     SeeInvis .     a - +1 hand crossbow
rCold  . . .     Gourm    .     c - +0 leather armour
rNeg   . . .     Faith    .     (shield restricted)
rPois  .         Spirit   .     (no helmet)
rElec  .         Reflect  +     (no cloak)
rCorr  .         Harm     .     (no gloves)
MR     .....                    (no boots)
Stlth  ++........               m - +3 amulet of reflection
                                i - ring of magical power
                                g - +5 ring of strength

@: no status effects
A: carnivore 3
a: no special abilities


You were on level 1 of the Dungeon.
You were not hungry.

You visited 1 branch of the dungeon, and saw 1 of its levels.

You collected 47 gold pieces.

Inventory:

Hand Weapons
 a - a +1 hand crossbow (weapon)
 b - a +0 short sword
Missiles
 d - 18 bolts (quivered)
 h - a stone
Armour
 c - a +0 leather armour (worn)
Jewellery
 g - a +5 ring of strength (left hand)
 i - a ring of magical power (right hand)
 m - a +3 amulet of reflection (around neck)
Scrolls
 j - a scroll of recharging {unknown}
 l - a scroll of remove curse {unknown}
Potions
 e - 2 potions of mutation {unknown}
Comestibles
 f - 2 meat rations
 k - a slice of pizza


   Skills:
 + Level 2.5 Fighting
 + Level 0.3 Short Blades
 + Level 5.0 Crossbows
 + Level 3.1 Dodging
 - Level 1.3 Stealth


You had one spell level left.
You didn't know any spells.

Dungeon Overview and Level Annotations

Branches:
Dungeon (1/15)

Altars:


Innate Abilities, Weirdness & Mutations

You are small and have problems with some larger weapons.
You are carnivorous and can eat meat at any time.


Message History

You see here a dagger.
Wield which item (- for none, * to show all)? (? for menu, Esc to quit)
a - a +1 hand crossbow (weapon)
The kobold closely misses you.
Firing (i - inventory. (,) - cycle):
d - 20 bolts (quivered)
Press: ? - help, Shift-Dir - straight line, f - kobold
Aim: a kobold, wielding a whip You shoot a bolt.
The bolt closely misses the kobold.
The kobold hits you with a whip.
* * * LOW HITPOINT WARNING * * *
You are too injured to fight recklessly!
You are too injured to fight recklessly!
You are too injured to fight recklessly!
You are too injured to fight recklessly!
Firing (i - inventory. (,) - cycle):
d - 19 bolts (quivered)
Press: ? - help, Shift-Dir - straight line, f/p - kobold
Aim: a kobold, wielding a whip You shoot a bolt.
The bolt closely misses the kobold.
The kobold hits you with a whip.
You die...

# #.##..# ###.#####.#...###.
####.###.# #...##........# ##
..##.#)#.# #.#.##.###....####
#.##.#.#.## #(#.##............
..##.#.#..######.#######.######..
.................................
..####.##)######.##.####...#.##.#
.......##.## #.##.#####..#....#
...........# #@##........####..
.........#.## #K#########....#..
.........#..# #.# ##### ####.#..
...########.# #.# #...######.#..
...##.......# #.# #..........#..
#####.......## #.# #....#########
#...........###.# #...........#
.##.[.........(# #...#######.#
#...#+####......# #.....### #.#


You could see a kobold.

Vanquished Creatures
  A giant cockroach (D:1)
  2 goblins (D:1)
  3 hobgoblins (D:1)
  5 bats (D:1)
  A frilled lizard (D:1)
  2 kobolds (D:1)
  A rat (D:1)
15 creatures vanquished.

Notes
Turn   | Place    | Note
-------+----------+-------------------------------------------
     0 | D:1      | dobroeutro the Kobold Hunter began the quest for the Orb.
     0 | D:1      | Reached XP level 1. HP: 12/12 MP: 1/1
   189 | D:1      | Reached XP level 2. HP: 4/18 MP: 2/2
   689 | D:1      | Reached skill level 5 in Crossbows
   815 | D:1      | Slain by a kobold

Vault maps used:
D:1:      kilobyte_arrival_exit_the_forest, grunt_decor_mini_mirrors

Skill      XL: |  1  2 |
---------------+-------+-----
Dodging        | 3 |  3.1
Crossbows      | 5 |  5.0
Fighting       | |  2.5
Short Blades   | |  0.3
Stealth        | |  1.3

Action                   || total
-------------------------++-------
Melee: Short sword       ||    66
 Fire: Hand crossbow     ||     2
 Stab: Sleeping          ||     2
Armor: Leather armour    ||    13
Dodge: Dodged            ||    46
Block: Other             ||     2
